 Dungeon Crawl Stone Soup version 0.26-a0-651-gb41185065b (webtiles) character file.

Game seed: 12729845734348846718

2792 Apogee the Cleaver (level 9, -2/71 (72) HPs)
             Began as a Minotaur Chaos Knight on Oct 14, 2020.
             Was a Plaything of Xom.
             Slain by an orc warrior
             ... wielding a +0 war axe
              (11 damage)
             ... on level 7 of the Dungeon.
             The game lasted 00:15:13 (7726 turns).

Apogee the Cleaver (Minotaur Chaos Knight)          Turns: 7726, Time: 00:15:13

HP:   -2/71 (72)    AC: 12    Str: 18    XL:     9   Next: 43%
MP:   8/8           EV:  9    Int:  7    God:    Xom [....*.]
Gold: 356           SH:  0    Dex: 10    Spells: 8/8 levels left

rFire    . . .     SeeInvis .   a - +0 hand axe (chaos)
rCold    . . .     Faith    .   (no shield)
rNeg     . . .     Spirit   .   o - +0 chain mail
rPois    .         Reflect  .   (helmet restricted)
rElec    .         Harm     .   (no cloak)
rCorr    .         Rampage  .   (no gloves)
MR       .....     Clarity  +   (no boots)
Stlth    ..........             (no amulet)
HPRegen  0.21/turn              (no ring)
MPRegen  0.11/turn              (no ring)

@: slowed, lightly drained, very slow
A: retaliatory headbutt, horns 2, talons 1, yellow scales 1, clarity, dopey 1,
frail 1, weak 1
a: Renounce Religion


You were on level 7 of the Dungeon.
You worshipped Xom.
You were a beloved toy of Xom.
You visited 2 branches of the dungeon, and saw 8 of its levels.

You collected 356 gold pieces.

Inventory:

Hand Weapons
 a - a +0 hand axe of chaos (weapon)
Armour
 b - a +2 leather armour
 o - a +0 chain mail (worn)
   (You found it on level 3 of the Dungeon)
 w - the +1 robe "Mudgh" {rC- Regen+ Int-5 Dex+5}
   (You found it on level 6 of the Dungeon)

   It affects your intelligence (-5).
   It affects your dexterity (+5).
   It makes you vulnerable to cold.
   It increases your rate of regeneration.
Jewellery
 r - a cursed +4 ring of protection {unknown}
   (You found it on level 3 of the Dungeon)
Wands
 t - a wand of flame (18)
   (You found it on level 4 of the Dungeon)
Scrolls
 f - a scroll of random uselessness {unknown}
 g - 2 scrolls of teleportation {@r4}
 h - a scroll of fear {unknown}
 k - 3 scrolls of identify {@r1}
 l - 3 scrolls of amnesia
 m - a scroll of fog {unknown}
 p - a scroll of magic mapping {unknown}
 q - 2 scrolls of blinking
 u - a scroll of holy word {unknown}
 x - 4 scrolls of remove curse {@r2}
 y - a scroll of enchant armour {unknown}
Potions
 c - 3 potions of lignification {unknown}
 d - a potion of ambrosia {unknown}
 e - 3 potions of curing {@q1}
 i - 2 potions of might
 j - a potion of flight {unknown}
 n - a potion of magic {unknown}
 s - 2 potions of haste {unknown}
 v - a potion of stabbing


   Skills:
 + Level 8.0(7.8) Fighting
 + Level 10.2(10.1) Axes
 + Level 7.4(7.3) Armour
 + Level 6.4(6.3) Dodging


You had 8 spell levels left.
You didn't know any spells.
Your spell library contained the following spells:

 Spells                   Type           Power        Failure   Level
 Corona                   Hex            #......      99%         1
 Shock                    Conj/Air       #...         99%         1
 Ensorcelled Hibernation  Hex/Ice        #.....       100%        2
 Swiftness                Air            #.......     100%        2
 Confusing Touch          Hex            #.......     100%        3
 Dazzling Flash           Conj/Hex       #.....       100%        3
 Static Discharge         Conj/Air       #.......     100%        3
 Tukima's Dance           Hex            #.......     100%        3
 Airstrike                Air            #.........   100%        4
 Lightning Bolt           Conj/Air       #.........   100%        5


Dungeon Overview and Level Annotations

Branches:
Dungeon (7/15)             Temple (1/1) D:4

Altars:
Ashenzari
Cheibriados
Dithmenos
Elyvilon
Gozag
Hepliaklqana
Kikubaaqudgha
Makhleb
Okawaru
Qazlal
Ru
Sif Muna
Trog
Uskayaw
Vehumet
Wu Jian
Xom
Zin
The Shining One
Lugonu


Innate Abilities, Weirdness & Mutations

You reflexively headbutt those who attack you in melee.
You have a pair of horns on your head.
You have sharp toenails.
You are partially covered in yellow scales. (AC +2)
You possess an exceptional clarity of mind.
You are dopey. (Int -2)
You are frail. (-10% HP)
You are weak. (Str -2)


Message History

Unknown command.
You are too injured to fight recklessly!
You closely miss the orc warrior. Your headbutt misses the orc warrior.
The orc warrior barely misses you.
The orc priest enters a dispersal trap!
The orc wizard blinks!
The orc warrior blinks!
You blink.
The orc priest blinks!
The orc wizard hits you but does no damage.
You hit the orc wizard but do no damage.
You claw the orc wizard! The orc wizard casts a spell at you.
The magic dart hits you but does no damage.
You hit the orc wizard.
The orc wizard suddenly stops moving!
You claw the orc wizard.
You kill the orc wizard!
You hit the orc warrior but do no damage.
Lightning courses through the orc warrior!
The orc warrior hits you but does no damage.
You hit the orc warrior but do no damage.
The orc warrior is poisoned.
Xom guffaws.
A chill wind blows around you.
You are now a beloved toy of Xom.
The orc warrior hits you with a +0 war axe!!
* * * LOW HITPOINT WARNING * * *
The orc warrior hits your ice beast with a +0 war axe.
You closely miss the orc priest. Your kick misses the orc priest.
Your headbutt misses the orc priest. You closely miss the orc warrior.
The orc warrior barely misses you. You furiously retaliate!
You headbutt the orc warrior, but do no damage.
The orc warrior barely misses your ice beast.
The orc priest hits you but does no damage.
Your ice beast hits the orc warrior but does no damage.
You hit the orc priest. You hit the orc warrior.
The orc warrior looks as sick as possible!
The orc warrior hits you but does no damage.
The orc warrior completely misses your ice beast.
Your ice beast hits the orc warrior but does no damage.
The orc priest hits you with a +0 mace.
* * * LOW HITPOINT WARNING * * *
You hit the orc priest.
The orc priest is poisoned.
You headbutt the orc priest. You hit the orc warrior.
You freeze the orc warrior. The orc warrior closely misses you.
The orc warrior closely misses your ice beast.
Your ice beast barely misses the orc warrior.
The orc priest begins to cast a cantrip, but forgets the words!
You hit the orc priest. Your kick misses the orc priest.
You hit the orc warrior but do no damage.
The orc warrior looks as sick as possible!
The orc warrior hits you with a +0 war axe!
You die...

## ######## ##########
.#####......# #.........
.#...#......#.. #.........
.#...#......#....#.........
.#...#......'..............
.#...#......######.........
.#...#..........)o..^.#####
.#...#........Yo@.....#
.#...#............)...#
.#...#............$...#
.#...#....>...........#
.#...#......###'#.....#
.#...#......#...#.....#
.'...#......#...#.....#
.#(..#......#...#.....##########
.#(..#...[..#...#..............#


You could see an orc warrior (extremely poisoned), an orc priest (very poisoned)
and a friendly ice beast (summoned).

Vanquished Creatures
  Sigmund (D:4)
  Edmund (D:5)
  2 ice beasts (D:6)
  A sky beast (D:6)
  2 ogres
  A phantom (D:4)
  A boggart (D:6)
  2 necrophages
  2 centaurs
  The ghost of Ozzies the Skirmisher, an amateur GrFi (D:3)
  3 bullfrogs
  4 scorpions
  5 wights
  3 howler monkeys (D:7)
  A hound (D:4)
  3 jellies
  2 orc priests
  A gnoll shaman (D:4)
  2 iguanas (D:6)
  6 orc wizards
  4 worker ants
  8 adders
  5 gnolls
  2 shadow imps
  A white imp (D:7)
  An ufetubus (D:3)
  2 adder skeletons
  2 worms
  2 dart slugs
  2 leopard geckos (D:1)
  11 orcs
  4 giant cockroaches
  12 goblins
  8 hobgoblins
  5 jackals
  7 kobolds
  3 quokkas
  A ball python (D:4)
  8 bats
  3 frilled lizards
  A giant cockroach zombie (D:6)
  2 leopard gecko skeletons
  4 rats
142 creatures vanquished.

Notes
Turn   | Place    | Note
-------+----------+-------------------------------------------
     0 | D:1      | Apogee the Minotaur Chaos Knight began the quest for the
                  | Orb.
     0 | D:1      | Reached XP level 1. HP: 19/19 MP: 0/0
    50 | D:1      | XOM: divination: detect items
    65 | D:1      | XOM: divination: magic mapping
   320 | D:1      | Reached XP level 2. HP: 27/27 MP: 1/1
   327 | D:1      | XOM: silly message
   391 | D:1      | Reached skill level 4 in Axes
   889 | D:1      | XOM: god gift: hand axe {god gift}
   947 | D:2      | Reached XP level 3. HP: 33/33 MP: 2/2
  1056 | D:2      | Found a shimmering altar of Xom.
  1222 | D:2      | Found an iron altar of Okawaru.
  1306 | D:2      | Found an opulent altar of Gozag.
  1306 | D:2      | Noticed Sigmund
  1353 | D:2      | Found a shimmering blue altar of Sif Muna.
  1497 | D:2      | XOM: noise
  1555 | D:2      | Found a glowing silver altar of Zin.
  1555 | D:2      | You fall into a shaft and drop 2 floors!
  1577 | D:4      | Noticed a scorpion
  1581 | D:4      | Killed a scorpion
  1581 | D:4      | Reached XP level 4. HP: 40/40 MP: 3/3
  1598 | D:4      | Found a staircase to the Ecumenical Temple.
  1599 | D:4      | Noticed a phantom
  1602 | D:4      | Reached skill level 5 in Axes
  1612 | D:4      | Reached XP level 5. HP: 35/47 MP: 4/4
  1639 | D:4      | Killed a phantom
  1943 | D:4      | XOM: silly message
  1997 | D:4      | Killed Sigmund
  1997 | D:4      | Reached skill level 5 in Fighting
  1997 | D:4      | Reached skill level 6 in Axes
  1997 | D:4      | Reached XP level 6. HP: 34/56 MP: 5/5
  2349 | D:3      | XOM: silly message
  2615 | D:3      | XOM: divination: detect creatures
  2875 | D:3      | Found a runed translucent gate.
  2875 | D:3      | Found a runed translucent gate.
  2875 | D:3      | Found a runed translucent gate.
  2877 | D:3      | Noticed Ozzies's ghost (amateur GrFi)
  2887 | D:3      | XOM: potion effect (berserk rage)
  2889 | D:3      | Killed Ozzies's ghost
  2889 | D:3      | Reached XP level 7. HP: 61/61 MP: 6/6
  3095 | D:3      | Found a stormy altar of Qazlal.
  3102 | D:3      | Found a radiant altar of Vehumet.
  3128 | D:3      | XOM: silly message
  3348 | D:3      | XOM: silly message
  3403 | D:4      | Found a bloodstained altar of Trog.
  3413 | D:4      | XOM: silly message
  3434 | D:4      | XOM: torment (28/61 hp)
  3895 | D:4      | XOM: butterfly on damage
  3900 | D:4      | Reached skill level 7 in Axes
  3951 | D:4      | XOM: give mutations
  3951 | D:4      | Gained mutation: You are partially covered in yellow
                  | scales. (AC +2) [Xom's grace]
  3951 | D:4      | Gained mutation: You possess an exceptional clarity of
                  | mind. [Xom's grace]
  3951 | D:4      | Gained mutation: You have sharp toenails. [Xom's grace]
  4063 | Temple   | Entered the Ecumenical Temple
  4114 | D:5      | Entered Level 5 of the Dungeon
  4141 | D:5      | XOM: silly message
  4162 | D:4      | Reached skill level 5 in Armour
  4302 | D:4      | XOM: give mutations
  4302 | D:4      | Gained mutation: You have razor-sharp toenails. [Xom's
                  | mischief]
  4302 | D:4      | Gained mutation: You are weak. (Str -2) [Xom's mischief]
  4322 | D:4      | XOM: god gift: scroll labeled FOL UMUKHLOHU {god gift}
  4540 | D:5      | XOM: god gift: silvery potion {god gift}
  4591 | D:5      | Found an ornate altar of the Wu Jian Council.
  4702 | D:5      | Found a sacrificial altar of Ru.
  4702 | D:5      | XOM: 2-stop teleportation journey
  4708 | D:5      | Reached XP level 8. HP: 43/70 MP: 7/7
  4721 | D:5      | XOM: 4-stop teleportation journey
  4722 | D:5      | Noticed Edmund
  4730 | D:5      | Killed Edmund
  4730 | D:5      | Reached skill level 8 in Axes
  5058 | D:6      | Noticed a +0 hand axe
  5058 | D:6      | Noticed a +0 hand axe
  5069 | D:6      | XOM: polymorph orc warrior -> boggart
  5093 | D:6      | Reached skill level 5 in Dodging
  5111 | D:6      | Found a hide-covered altar of Uskayaw.
  5286 | D:6      | XOM: 1-stop teleportation journey
  5287 | D:6      | XOM: give mutation
  5361 | D:6      | Reached skill level 9 in Axes
  5588 | D:6      | Found an iron altar of Okawaru.
  5606 | D:6      | XOM: torment (37/71 hp)
  5843 | D:6      | XOM: 2-stop teleportation journey
  5845 | D:6      | XOM: chaos cloud
  5915 | D:6      | XOM: give mutations
  5915 | D:6      | Lost mutation: You have razor-sharp toenails. [Xom's
                  | mischief]
  5915 | D:6      | Gained mutation: You are dopey. (Int -2) [Xom's mischief]
  5915 | D:6      | Gained mutation: You are frail. (-10% HP) [Xom's mischief]
  6245 | D:6      | XOM: scenery: 1 doors close
  6247 | D:6      | Got a steaming robe
  6258 | D:6      | Identified the +1 robe "Mudgh" {rC- Regen+ Int-5 Dex+5}
                  | (You found it on level 6 of the Dungeon)
  6488 | D:6      | Reached XP level 9. HP: 70/70 MP: 8/8
  6777 | D:7      | Found a white marble altar of Elyvilon.
  6819 | D:7      | Reached skill level 10 in Axes
  6911 | D:7      | XOM: enchant monster (bad)
  7218 | D:7      | XOM: 3-stop teleportation journey
  7352 | D:7      | XOM: silly message
  7518 | D:7      | XOM: blink monster(s)
  7722 | D:7      | XOM: cast spell 'Summon Ice Beast'
  7726 | D:7      | Slain by an orc warrior

Illustrated notes

Levels and vault maps discovered:
D:1:      dpeg_arrival_stonehenge_8_columns, layout_basic, minmay_pentomino_q4
D:2:      layout_loops_ring, grunt_temple_overflow_gold_and_silver,
          lemuel_blue_sif_altar, lemuel_coloured_pillars_altar,
          lemuel_round_altar, minmay_distorted, uniq_sigmund
D:3:      layout_loops_ring, amethyst_overflow_temple_binary,
          ebering_ghost_rock_garden, minmay_fractal_squares_5
D:4:      layout_loops_ring, lemuel_round_altar, temple_statues
D:5:      layout_loops_ring, nicolae_overflow_hidden_temple,
          yredelemnul_forgotten_temple_becter,
          nicolae_ru_great_annihilating_truth, uniq_edmund
D:6:      layout_gridville, dancing_weapons_uskayaw, okawaru_trees_2
D:7:      layout_gridville, elyvilon_altar_3
Temple:   corrupted_temple

Skill      XL: |  1  2  3  4  5  6  7  8  9 |
---------------+----------------------------+-----
Axes           | 4 5 6 7 9 10 | 10.2
Fighting       | 4 5 6 7 8 |  8.0
Armour         | 3 4 5 6 7 |  7.4
Dodging        | 2 3 4 5 6 |  6.4

Action                   |  1- 3 |  4- 6 |  7- 9 || total
-------------------------+-------+-------+-------++-------
Melee: Hand axe          |    59 |   120 |   313 ||   492
       Headbutt          |     6 |    15 |    38 ||    59
       Kick              |       |       |    71 ||    71
Evoke: Wand              |       |     1 |       ||     1
  Use: Potion            |     3 |     1 |     1 ||     5
       Scroll            |       |     2 |     6 ||     8
 Stab: Invisible         |       |     2 |       ||     2
       Paralysed         |       |       |     2 ||     2
       Sleeping          |       |       |     1 ||     1
       Confused          |       |       |     1 ||     1
Armor: Leather armour    |    22 |    26 |       ||    48
       Chain mail        |       |     5 |   158 ||   163
Dodge: Dodged            |    37 |    53 |   122 ||   212

Table legend: (Time is in decaauts)
 A = Elapsed time spent in this place.
 B = Non-inter-level travel time spent in this place.
 C = Inter-level travel time spent in this place.
 D = Time resting spent in this place.
 E = Time spent auto-exploring this place.
 F = Levels seen in this place.
 G = Mean time per level.
                   A        B        C        D        E       F      G
               +--------+--------+--------+--------+--------+-----+--------+
         Total |   7721 |   7504 |    217 |    869 |   5513 |   8 |  965.1 |
       Dungeon |   7689 |   7483 |    206 |    869 |   5494 |   7 | 1098.4 |
        Temple |     31 |     20 |     11 |      0 |     19 |   1 |   31.0 |
               +--------+--------+--------+--------+--------+-----+--------+

Top non-repeatable levels by time:
     D:4: 1584 daAuts
     D:6: 1557 daAuts
     D:7: 1217 daAuts
     D:3: 1216 daAuts
     D:1: 928 daAuts
     D:2: 688 daAuts
     D:5: 495 daAuts
  Temple: 31 daAuts
